 Dungeon Crawl Stone Soup version 0.29.1-14-g9c671dbff4 (webtiles) character file.

Game seed: 16944272694322852891

435 kingofthe the Conjurer (level 6, -3/32 HPs)
             Began as a Deep Elf Conjurer on Feb 18, 2023.
             Slain by an orc
             ... wielding a +0 hand axe
              (5 damage)
             ... on level 4 of the Dungeon on Feb 19, 2023.
             The game lasted 00:11:11 (3800 turns).

kingofthe the Conjurer (Deep Elf Conjurer)          Turns: 3800, Time: 00:11:11

Health: -3/32      AC:  5    Str:  4    XL:     6   Next: 68%
Magic:  4/15       EV: 16    Int: 23    God:
Gold:   184        SH:  0    Dex: 27    Spells: 7/15 levels left

rFire   + . .      SeeInvis .   b - +2 dagger (venom)
rCold   + . .      Faith    .   (no shield)
rNeg    . . .      Spirit   .   m - +1 robe {rC+ rF+}
rPois   .          Reflect  .   (no helmet)
rElec   .          Harm     .   l - +0 cloak
rCorr   .          Rampage  .   q - +0 pair of gloves
Will    .....                   (no boots)
Stlth   ++++......              (no amulet)
HPRegen 0.10/turn               d - +6 ring of dexterity
MPRegen 0.14/turn               D - +6 ring of dexterity

@: weak-willed
A: no striking features
a: no special abilities


You were on level 4 of the Dungeon.
You visited 1 branch of the dungeon, and saw 4 of its levels.

You collected 184 gold pieces.


   Skills:
 + Level 4.6 Dodging
 + Level 4.9 Stealth
 + Level 5.2 Spellcasting
 - Level 5.5 Conjurations
 * Level 1.7 Fire Magic
 + Level 1.0 Earth Magic


You had 7 spell levels left.
You knew the following spells:

 Your Spells              Type           Power      Damage    Failure   Level
a - Magic Dart            Conj           100%       1d8       1%          1
b - Searing Ray           Conj           62%        2d6       1%          2
w - Stone Arrow           Conj/Erth      42%        3d9       7%          3
X - Scorch                Fire           26%        2d6       7%          2

Your spell library contained the following spells:

 Spells                   Type           Power      Damage    Failure   Level
 Sandblast                Erth           20%        2d7       6%          1
 Dazzling Flash           Conj/Hex       36%        N/A       9%          3
 Passwall                 Tmut/Erth      6%         N/A       11%         2
 Flame Wave               Conj/Fire      22%        2d8       21%         4
 Fulminant Prism          Conj/Hex       9%         3d7       28%         4
 Iskenderun's Mystic Bla  Conj/Tloc      18%        2d6       28%         4
 Summon Cactus Giant      Summ           3%         N/A       100%        6

Inventory:

Hand Weapons
 b - a +2 dagger of venom (weapon)
 c - a +1 sling of freezing
Armour
 k - a +2 ring mail of cold resistance
 l - a +0 cloak (worn)
 m - a +1 robe of resistance (worn)
 q - a +0 pair of gloves (worn)
Magical Staves
 a - a staff of fire {!a!a}
Jewellery
 d - a +6 ring of dexterity (left hand)
 D - a +6 ring of dexterity (right hand)
 S - a +6 ring of strength
Scrolls
 f - 3 scrolls of teleportation {unknown}
Potions
 g - 3 potions of flight {unknown}
 h - a potion of magic
 i - 2 potions of resistance {unknown}
 n - a potion of brilliance {unknown}
 o - 2 potions of attraction {unknown}
 r - a potion of heal wounds {unknown}

Dungeon Overview and Level Annotations

Branches:
Dungeon (4/15)
 Temple: D:4-7

Altars:
Kikubaaqudgha

Shops:
D:2 :

Annotations:
D:4 Edmund

******,* *,* *,,,,,,* *.#
*,****** #.# *,* #.# ** *,* #.#
,*********,* #.#
,,,,,,,,,,,*#########.#
,,*******,,*#..og@....#
*,*******,,*#.oo@OS...###########
,,,,,,,,,........................
*,*******.............###########
#.# ***.###.............,,,,* ..#
*,,,,,#.............,,,,* ..#
*,,,,,#..............,,,* ..#
*,,,,.......#+#......,,,* <.#
*,,,,.........#....@.,,,*## ..#
#######+#####.#.........,,,..


You could see Edmund (weak-willed, ally target), 3 orcs, a friendly ogre
(summoned), a friendly adder (summoned) and a friendly hobgoblin (summoned).


Message History

Your life force feels restored.
Your Earth Magic skill increases to level 1!
The searing ray hits Edmund.
Edmund is moderately wounded.
Your adder barely misses Edmund.
The orc hits you but does no damage.
Edmund hits you with a +4 flail of protection!
Your hobgoblin barely misses Edmund.
The searing ray hits Edmund but does no damage.
Edmund is moderately wounded.
Your adder bites Edmund but does no damage.
Edmund hits you with a +4 flail of protection!
* * * LOW HITPOINT WARNING * * *
Your ogre hits the adder with a +0 giant spiked club!!
The adder dies!
Your adder bites Edmund.
Your hobgoblin closely misses Edmund.
Your endoplasm hits the orc.
The searing ray hits Edmund but does no damage.
Edmund is moderately wounded.
You finish channelling your searing ray.
Edmund hits you with a +4 flail of protection!
* * * LOW HITPOINT WARNING * * *
The orc hits your endoplasm with a +0 flail!
Your endoplasm dies!
Your endoplasm dissolves into shadows!
Your adder bites Edmund but does no damage.
Your hobgoblin barely misses Edmund.
Edmund says, "You wouldn't believe how much I paid for this flail."
Edmund closely misses you.
Your adder bites Edmund.
The orc misses you. The orc hits you with a +0 hand axe.
You die...

Skill      XL: |  1  2  3  4  5  6 |
---------------+-------------------+-----
Stealth        | 3 4 |  4.9
Dodging        | 3 4 |  4.6
Spellcasting   | 4 5 |  5.2
Conjurations   | 5 |  5.5
Fire Magic     | 1 |  1.7
Earth Magic    | 1 |  1.0

Action                   |  1- 3 |  4- 6 || total
-------------------------+-------+-------++-------
Melee: Staff             |     2 |       ||     2
 Cast: Magic Dart        |    72 |    48 ||   120
       Searing Ray       |     4 |    13 ||    17
  Use: Scroll            |       |     4 ||     4
Armor: Robe              |     2 |     1 ||     3
Dodge: Dodged            |     5 |     5 ||    10

Levels and vault maps discovered:
D:1:      saegor_arrival_simple_b, layout_loops_corners,
          shapermc_ecumenical_altar_petra, hangedman_feature_mirror,
          minmay_misc_feat_rugged
D:2:      layout_rooms, serial_shops, nicolae_shop_trees, basic_altar
D:3:      layout_basic, minmay_unequal, uniq_terence, uniq_natasha
D:4:      layout_basic, uniq_edmund

Notes
Turn   | Place    | Note
-------+----------+-------------------------------------------
     0 | D:1      | kingofthe the Deep Elf Conjurer began the quest for the
                  | Orb.
     0 | D:1      | Reached XP level 1. HP: 10/10 MP: 6/6
   352 | D:1      | Reached XP level 2. HP: 15/15 MP: 0/8
   446 | D:1      | Learned a level 2 spell: Searing Ray
  1043 | D:1      | Reached skill level 3 in Stealth
  1114 | D:1      | Reached skill level 3 in Dodging
  1213 | D:1      | Found a faded altar of an unknown god.
  1287 | D:2      | Found an ancient bone altar of Kikubaaqudgha.
  1347 | D:2      | Found Bymachis's Book Shoppe.
  1382 | D:2      | Reached XP level 3. HP: 19/19 MP: 7/10
  1682 | D:2      | Identified a +1 robe of resistance
  1986 | D:3      | Noticed Terence
  1993 | D:3      | Killed Terence
  1994 | D:3      | Reached XP level 4. HP: 24/24 MP: 2/11
  2101 | D:3      | Reached skill level 4 in Spellcasting
  2289 | D:3      | Reached skill level 5 in Conjurations
  2607 | D:3      | Noticed Natasha
  2610 | D:3      | Killed Natasha
  2611 | D:3      | Reached skill level 4 in Stealth
  2611 | D:3      | Reached XP level 5. HP: 28/28 MP: 8/13
  2983 | D:3      | Noticed Natasha
  2989 | D:3      | Killed Natasha
  2992 | D:3      | Noticed Natasha
  2995 | D:3      | Killed Natasha
  2996 | D:3      | Reached skill level 4 in Dodging
  3158 | D:4      | Noticed a sky beast
  3164 | D:4      | Killed a sky beast
  3165 | D:4      | Reached skill level 5 in Spellcasting
  3165 | D:4      | Reached XP level 6. HP: 32/32 MP: 5/15
  3258 | D:4      | Learned a level 3 spell: Stone Arrow
  3334 | D:4      | Learned a level 2 spell: Scorch
  3387 | D:4      | Noticed Edmund
  3791 | D:4      | Reached skill level 1 in Fire Magic
  3797 | D:4      | Reached skill level 1 in Earth Magic
  3799 | D:4      | HP: 2/32 [Edmund/+4 flail of protection (12)]
  3800 | D:4      | Slain by an orc

Vanquished Creatures
  A sky beast (D:4)
  A scorpion (D:4)
  Terence (D:3)
  Natasha (thrice) (D:3)
  4 adders (D:3)
  2 dart slugs
  A worm (D:4)
  6 orcs
  5 endoplasms
  4 giant cockroaches
  11 goblins
  4 hobgoblins
  2 quokkas
  4 ball pythons
  7 bats
  6 frilled lizards
  4 kobolds
  7 rats
73 creatures vanquished.

Vanquished Creatures (collateral kills)
  A necrophage (D:4)
  An adder (D:4)
2 creatures vanquished.

Grand Total: 75 creatures vanquished

Table legend: (Time is in decaauts)
 A = Elapsed time spent in this place.
 B = Non-inter-level travel time spent in this place.
 C = Inter-level travel time spent in this place.
 D = Time resting spent in this place.
 E = Time spent auto-exploring this place.
 F = Levels seen in this place.
 G = Mean time per level.
                   A        B        C        D        E       F      G
               +--------+--------+--------+--------+--------+-----+--------+
         Total |   3798 |   3607 |    191 |     39 |   3113 |   4 |  949.5 |
       Dungeon |   3798 |   3607 |    191 |     39 |   3113 |   4 |  949.5 |
               +--------+--------+--------+--------+--------+-----+--------+

Top non-repeatable levels by time:
     D:1: 1286 daAuts
     D:3: 1246 daAuts
     D:2: 634 daAuts
     D:4: 630 daAuts

Table legend:
 A = Non-vault XP
 B = Vault XP
 C = Vault XP percentage of total XP
 D = Non-vault monster count
 E = Vault monster count
 F = Vault count percentage of total count
                 A         B        C        D         E       F
            +---------+---------+-------+---------+---------+-------
      Total |     531 |      91 |  14.6 |      68 |       7 |   9.3
            +---------+---------+-------+---------+---------+-------
        D:1 |      32 |       2 |   5.9 |      21 |       2 |   8.7
        D:2 |      26 |       0 |   0.0 |      14 |       0 |   0.0
        D:3 |     134 |      89 |  39.9 |      18 |       5 |  21.7
        D:4 |     339 |       0 |   0.0 |      15 |       0 |   0.0
            +---------+---------+-------+---------+---------+-------
